 Dungeon Crawl Stone Soup version 0.29.1-15-g9cfb28693d (webtiles) character file.

Game seed: 15142666799980465021

21938 Dirian the Warrior (level 12, -1/122 HPs)
             Began as a Minotaur Fighter on Mar 4, 2023.
             Was a Priest of Makhleb.
             Slain by a troll (11 damage)
             ... on level 13 of the Dungeon.
             The game lasted 00:28:12 (15781 turns).

Dirian the Warrior (Minotaur Fighter)              Turns: 15781, Time: 00:28:13

Health: -1/122     AC: 16    Str: 30    XL:     12   Next: 58%
Magic:  15/15      EV:  8    Int:  5    God:    Makhleb [***...]
Gold:   1266       SH: 15    Dex: 12    Spells: 11/11 levels left

rFire   . . .      SeeInvis +   a - +1 war axe (elec)
rCold   . . .      Faith    .   A - +0 kite shield
rNeg    + . .      Spirit   .   l - +3 chain mail of Beauty {rN+ Will+}
rPois   +          Reflect  +   B - +0 hat {SInv}
rElec   .          Harm     .   i - +0 cloak
rCorr   .          Rampage  .   p - +0 pair of gloves
Will    +....                   (no boots)
Stlth   ..........              m - amulet of reflection
HPRegen 0.30/turn               f - +6 ring of strength
MPRegen 0.14/turn               x - ring of poison resistance

@: no status effects
A: horns 2, retaliatory headbutt
a: Renounce Religion, Minor Destruction, Lesser Servant of Makhleb


You were on level 13 of the Dungeon.
You worshipped Makhleb.
Makhleb was most pleased with you.
You visited 2 branches of the dungeon, and saw 14 of its levels.

You collected 1266 gold pieces.

Inventory:

Hand Weapons
 a - a +1 war axe of electrocution (weapon)
 o - a +0 war axe
 y - a +0 hand axe of flaming
Missiles
 J - a throwing net (quivered)
Armour
 c - +0 storm dragon scales
 i - a +0 cloak (worn)
 l - the +3 chain mail of Beauty (worn) {rN+ Will+}
   (You found it on level 2 of the Dungeon)

   rN:        It protects you from negative energy.
   Will:      It increases your willpower.
 p - a +0 pair of gloves (worn)
 A - a +0 kite shield (worn)
 B - a +0 hat of see invisible (worn)
Jewellery
 f - a +6 ring of strength (left hand)
 m - an amulet of reflection (around neck)
 x - a ring of poison resistance (right hand)
 G - an amulet of the acrobat
 I - an amulet of faith
Wands
 b - a wand of roots (24)
 e - a wand of light (11)
 g - a wand of flame (12)
 v - a wand of digging (2)
 D - a wand of mindburst (5)
 E - a wand of charming (6)
Scrolls
 d - 5 scrolls of fear
 r - 2 scrolls of identify
 t - 10 scrolls of teleportation
 C - a scroll of enchant armour
 F - a scroll of magic mapping
 H - 2 scrolls of enchant weapon
Potions
 h - 4 potions of haste
 j - 2 potions of mutation
 k - 4 potions of flight
 n - a potion of resistance
 q - 8 potions of curing
 s - 2 potions of attraction
 u - 2 potions of brilliance
 w - a potion of heal wounds


   Skills:
 + Level 16.2 Fighting
 - Level 14.0 Axes
 + Level 8.3 Armour
 - Level 3.0 Dodging
 + Level 6.9 Shields
 * Level 5.8 Invocations
 - Level 5.0 Evocations


You had 11 spell levels left.
You didn't know any spells.
Your spell library contained the following spells:

 Spells                   Type           Power      Damage    Failure   Level
 Ensorcelled Hibernation  Hex/Ice        0%         N/A       100%        2
 Call Canine Familiar     Summ           0%         N/A       100%        3
 Confusing Touch          Hex            0%         N/A       100%        3
 Portal Projectile        Hex/Tloc       0%         N/A       100%        3
 Spider Form              Tmut/Pois      0%         N/A       100%        3
 Tukima's Dance           Hex            0%         N/A       100%        3
 Anguish                  Hex/Necr       0%         N/A       100%        4
 Cause Fear               Hex            0%         N/A       100%        4
 Leda's Liquefaction      Hex/Erth       0%         N/A       100%        4
 Blade Hands              Tmut           0%         N/A       100%        5
 Yara's Violent Unravell  Hex/Tmut       0%         3d3       100%        5
 Dragon Form              Tmut           0%         N/A       100%        7
 Enfeeble                 Hex            0%         N/A       100%        7
 Dragon's Call            Summ           0%         N/A       100%        9


Dungeon Overview and Level Annotations

Branches:
Dungeon (13/15) Zot: 26137  Temple (1/1) D:7 Zot: 5593    Lair (0/5) D:11
    Orc (0/2) D:12
 Vaults: D:13-14

Altars:
Ashenzari
Cheibriados
Dithmenos
Elyvilon
Fedhas
Gozag
Hepliaklqana
Kikubaaqudgha
Makhleb
Nemelex Xobeh
Okawaru
Qazlal
Ru
Sif Muna
Trog
Uskayaw
Vehumet
Wu Jian
Xom
Yredelemnul
Zin
The Shining One

Shops:
D:1 ?

Annotations:
D:4 1 runed translucent door
D:11 exclusion: oklob plant
D:13 exclusion: door


Innate Abilities, Weirdness & Mutations

You have a pair of horns on your head.
You reflexively headbutt those who attack you in melee.


Message History

The troll attacks as you move away! The troll bites you but does no damage.
The troll claws you but does no damage. The troll closely misses you.
The deep troll earth mage attacks as you move away!
The deep troll earth mage barely misses you.
You furiously retaliate!
You headbutt the deep troll earth mage, but do no damage.
The deep troll earth mage claws you but does no damage.
You block the deep troll earth mage's attack.
The deep troll earth mage attacks as you move away!
The deep troll earth mage bites you!
You block the deep troll earth mage's attack.
The deep troll earth mage closely misses you.
The boggart casts a spell.
The manticore flicks its tail.
The volley of spikes reflects off an invisible shield around you!
The volley of spikes hits the manticore!!
The deep troll earth mage attacks as you move away!
The deep troll earth mage bites you! The deep troll earth mage claws you!
* * * LOW HITPOINT WARNING * * *
You block the deep troll earth mage's attack.
The troll attacks as you move away! You block the troll's attack.
The troll claws you!
* * * LOW HITPOINT WARNING * * *
You block the troll's attack.
The deep troll earth mage attacks as you move away!
You block the deep troll earth mage's attack.
The deep troll earth mage claws you but does no damage. x2
The deep troll earth mage attacks as you move away!
The deep troll earth mage bites you!
* * * LOW HITPOINT WARNING * * *
The deep troll earth mage claws you!
* * * LOW HITPOINT WARNING * * *
You block the deep troll earth mage's attack.
The boulder beetle leaps!
The boggart mumbles some strange words.
The boggart flickers and vanishes for a moment.
The deep troll earth mage gestures next to you while chanting.
Some rock shatters into small pieces.
There is an open door here.
The troll attacks as you move away! The troll bites you!
You die...

....##........)...#
.#..##.......O....# ....
.....#......D..g..# ....
.....#.........D..#.....
.###.#....###H..###.....
.#..##....###..u#......#
.#...#.........T#......#
...### ........T.......#
..### .........@......#
.##.## .........#......#
...#.# .........#...#..#
..#.## .........#..... #
...#.#######....#...#..#
.#..##.....######.... .#
....##................ #
...###.................
.....#..#........


You could see a four-headed hydra, a cyan ugly thing (summoned), a two-headed
ogre (summoned), a manticore (summoned), a deep troll earth mage, a troll, an
acid dragon (summoned) and a boggart (invisible).

Vanquished Creatures
  Gastronok (D:8)
  Erolcha (D:11)
  2 hydras
  A boulder beetle (D:12)
  2 centaur warriors (D:13)
  A two-headed ogre (D:11)
  Urug (D:10)
  Lodul (D:10)
  Pikel (D:7)
  3 manticores
  2 cyclopes
  Maurice (D:11)
  An unseen horror (D:7)
  Maggie (D:7)
  7 trolls
  Prince Ribbit (D:6)
  A hornet (D:11)
  Grinder (D:6)
  Sigmund (D:4)
  2 vampires
  A wraith (D:11)
  A wyvern (D:10)
  A basilisk (D:12)
  18 yaks
  Grum (D:8)
  2 steam dragons
  A redback (D:13)
  3 vampire mosquitoes (D:11)
  3 acid dragons
  Duvessa (D:7)
  A swamp drake (D:12)
  2 black bears (D:6)
  8 orc warriors
  2 ice beasts
  2 wolves (D:8)
  9 ogres
  10 centaurs
  A phantom (D:4)
  4 lemures (D:7)
  A kobold brigand (D:7)
  2 bullfrogs
  A necrophage (D:6)
  4 gnoll sergeants
  5 scorpions
  Dowan (D:7)
  12 killer bees
  3 howler monkeys
  A jelly (D:6)
  A human zombie (D:4)
  A hound (D:6)
  3 gnoll boudas
  8 orc priests
  A human skeleton (D:4)
  6 iguanas
  4 orc wizards
  7 adders
  31 gnolls
  3 shadow imps
  6 white imps
  3 dart slugs
  51 orcs
  6 ball pythons
  5 bats
  6 endoplasms
  A giant cockroach (D:3)
  6 goblins
  11 hobgoblins
  7 jackals
  10 kobolds
  3 quokkas
  4 frilled lizards
  A kobold zombie (D:4)
  4 rats
322 creatures vanquished.

Vanquished Creatures (others)
  8 fungi (D:6)
8 creatures vanquished.

Grand Total: 330 creatures vanquished

Notes
Turn   | Place    | Note
-------+----------+-------------------------------------------
     0 | D:1      | Dirian the Minotaur Fighter began the quest for the Orb.
     0 | D:1      | Reached XP level 1. HP: 19/19 MP: 0/0
   215 | D:1      | Found Poyguiwio's Magic Scroll Boutique.
   217 | D:1      | Reached XP level 2. HP: 27/27 MP: 1/1
   610 | D:1      | Reached skill level 4 in Fighting
   978 | D:2      | Reached XP level 3. HP: 29/33 MP: 2/2
  1362 | D:2      | Identified the +3 chain mail of Beauty {rN+ Will+}
  1802 | D:3      | Reached XP level 4. HP: 25/40 MP: 3/3
  2379 | D:4      | Found a snail-covered altar of Cheibriados.
  2525 | D:4      | Noticed an ogre
  2529 | D:4      | Killed an ogre
  2530 | D:4      | Reached skill level 1 in Dodging
  2530 | D:4      | Reached XP level 5. HP: 30/47 MP: 4/4
  2531 | D:4      | Reached skill level 5 in Axes
  2602 | D:4      | Found a runed translucent door.
  2602 | D:4      | Noticed a human
  2752 | D:4      | Noticed a phantom
  2780 | D:4      | Killed a phantom
  2781 | D:4      | Reached XP level 6. HP: 43/53 MP: 5/5
  2811 | D:4      | Reached skill level 5 in Armour
  2910 | D:4      | Found an iron altar of Okawaru.
  2913 | D:4      | Noticed Sigmund
  2927 | D:4      | Killed Sigmund
  2987 | D:4      | Found a basalt altar of Yredelemnul.
  3221 | D:4      | Reached XP level 7. HP: 59/60 MP: 6/6
  3265 | D:4      | Reached skill level 5 in Fighting
  3521 | D:5      | Entered Level 5 of the Dungeon
  3846 | D:5      | Reached XP level 8. HP: 26/69 MP: 7/7
  4193 | D:5      | Reached skill level 6 in Fighting
  4618 | D:6      | Noticed Prince Ribbit
  4638 | D:6      | Reached skill level 5 in Shields
  4653 | D:6      | Killed Prince Ribbit
  4654 | D:6      | Reached skill level 10 in Axes
  4901 | D:6      | Found an ornate altar of the Wu Jian Council.
  5015 | D:6      | Reached XP level 9. HP: 71/78 MP: 8/8
  5299 | D:6      | Reached skill level 7 in Fighting
  5305 | D:6      | Reached skill level 1 in Evocations
  5305 | D:6      | Noticed Grinder
  5316 | D:6      | Killed Grinder
  5666 | D:7      | Noticed Dowan
  5668 | D:7      | Noticed Duvessa
  5679 | D:7      | Killed Duvessa
  5683 | D:7      | Killed Dowan
  5827 | D:7      | Reached skill level 8 in Fighting
  5974 | D:7      | Noticed a cyclops
  6156 | D:7      | Noticed Maggie
  6156 | D:7      | Noticed Pikel
  6158 | D:7      | Found a staircase to the Ecumenical Temple.
  6173 | D:7      | Killed Pikel
  6186 | D:7      | Killed Maggie
  6187 | D:7      | Reached skill level 9 in Fighting
  6187 | D:7      | Reached XP level 10. HP: 29/91 MP: 9/9
  6198 | Temple   | Entered the Ecumenical Temple
  6206 | Temple   | Became a worshipper of Makhleb the Destroyer
  6737 | D:7      | Found a glowing golden altar of the Shining One.
  6737 | D:7      | Found a glowing silver altar of Zin.
  6737 | D:7      | Found a white marble altar of Elyvilon.
  8370 | D:8      | Noticed Gastronok
  8383 | D:8      | Killed Gastronok
  8775 | D:8      | Noticed Grum
  8783 | D:8      | Killed Grum
  8784 | D:8      | Reached skill level 10 in Fighting
  9006 | D:8      | Reached * piety under Makhleb
  9182 | D:8      | Reached skill level 1 in Invocations
 10029 | D:9      | Reached skill level 11 in Fighting
 10198 | D:9      | Reached ** piety under Makhleb
 10445 | D:10     | Entered Level 10 of the Dungeon
 10448 | D:10     | Noticed Urug
 10454 | D:10     | Reached XP level 11. HP: 65/102 MP: 11/11
 11036 | D:10     | Noticed Lodul
 11125 | D:10     | Reached skill level 12 in Fighting
 11584 | D:10     | Killed Lodul
 11585 | D:10     | Reached skill level 5 in Evocations
 11883 | D:10     | Killed Urug
 11884 | D:10     | Reached skill level 13 in Fighting
 12170 | D:8      | Found a shimmering altar of Xom.
 12493 | D:11     | Noticed Maurice
 12518 | D:11     | Killed Maurice
 12527 | D:11     | Noticed an oklob plant
 12533 | D:11     | Found a staircase to the Lair.
 12587 | D:11     | Noticed Erolcha
 12598 | D:11     | Killed Erolcha
 12599 | D:11     | Reached skill level 14 in Fighting
 12792 | D:11     | Noticed a two-headed ogre
 12800 | D:11     | Killed a two-headed ogre
 13065 | D:11     | Reached *** piety under Makhleb
 13066 | D:11     | Reached skill level 15 in Fighting
 13066 | D:11     | Reached XP level 12. HP: 119/119 MP: 14/14
 13768 | D:12     | Identified the +0 ring mail of the Dull God {Will- Str+2
                  | Int+5}
 14010 | D:12     | Noticed a boulder beetle
 14018 | D:12     | Killed a boulder beetle
 14019 | D:12     | Reached skill level 5 in Invocations
 14115 | D:12     | Noticed a six-headed hydra
 14127 | D:12     | Killed a one-headed hydra
 14811 | D:12     | Found a staircase to the Orcish Mines.
 15049 | D:13     | Noticed a centaur warrior
 15051 | D:13     | Killed a centaur warrior
 15052 | D:13     | Reached skill level 16 in Fighting
 15172 | D:13     | Noticed an eight-headed hydra
 15203 | D:13     | Reached **** piety under Makhleb
 15213 | D:13     | HP: 6/122 [wolf spider (4)]
 15492 | D:13     | Killed a four-headed hydra
 15741 | D:13     | Noticed a centaur warrior
 15742 | D:13     | Noticed a boulder beetle
 15751 | D:13     | Killed a centaur warrior
 15756 | D:13     | Noticed a four-headed hydra
 15766 | D:13     | Noticed a deep troll earth mage
 15775 | D:13     | Noticed a two-headed ogre
 15781 | D:13     | Slain by a troll

Illustrated notes

Levels and vault maps discovered:
D:1:      dpeg_arrival_tiny_h, layout_basic, serial_shops, nicolae_diamond_shop
D:2:      layout_basic, minmay_unequal
D:3:      layout_basic
D:4:      layout_rooms, dk_yredelemnul_ordeal,
          mainiacjoe_overflow_catch_the_wave, minmay_misc_feat_plants,
          uniq_sigmund
D:5:      layout_basic
D:6:      layout_basic, mainiacjoe_overflow_cross_hatched, uniq_grinder,
          uniq_prince_ribbit1
D:7:      layout_layer_cave, good_gods_mini_temple,
          minmay_temple_entry_stoned_glass, grunt_ministairs_15,
          lightli_corner_chamber, uniq_duvessa, uniq_pikel, uniq_maggie
D:8:      layout_gridville, tgw_xom, special_room [special_room_orc],
          uniq_gastronok, uniq_grum
D:9:      layout_loops_cross
D:10:     layout_roguey, uniq_lodul, uniq_urug
D:11:     layout_gridville, dpeg_oklobed_lair, uniq_maurice, uniq_erolcha
D:12:     layout_basic, erik_orc_1
D:13:     layout_stronghold, minmay_misc_feat_rugged, nicolae_rejected_hall
Temple:   eino_narrow_crystal_temple

Skill      XL: |  1  2  3  4  5  6  7  8  9 10 11 12 |
---------------+-------------------------------------+-----
Fighting       | 4 5 6 9 11 15 16 | 16.2
Armour         | 4 5 6 7 8 |  8.3
Shields        | 4 5 6 |  6.9
Axes           | 3 4 5 6 8 10 12 14 | 14.0
Dodging        | 1 2 3 |  3.0
Evocations     | 3 4 5 |  5.0
Invocations    | 2 4 5 |  5.8

Action                   |  1- 3 |  4- 6 |  7- 9 | 10-12 || total
-------------------------+-------+-------+-------+-------++-------
Melee: War axe           |    97 |    81 |   230 |   427 ||   835
       Headbutt          |    11 |     9 |    51 |    94 ||   165
       Hand axe          |       |       |       |    19 ||    19
Invok: Minor Destruction |       |       |       |     4 ||     4
Evoke: Wand              |       |       |       |     2 ||     2
  Use: Scroll            |       |     6 |     8 |    10 ||    24
       Potion            |       |     1 |     4 |     1 ||     6
Armor: Scale mail        |    44 |    31 |       |       ||    75
       Chain mail        |       |     6 |   121 |   170 ||   297
Dodge: Dodged            |    51 |    32 |    93 |   109 ||   285
Block: Buckler           |    19 |    17 |   110 |    46 ||   192
       Reflection        |       |       |     8 |    22 ||    30
       Kite shield       |       |       |       |   286 ||   286
